 Dungeon Crawl Stone Soup version 0.29.1-15-g9cfb28693d (webtiles) character file.

Game seed: 17129324195206125951

33571 javelincjr the Eclecticist (level 13, -3/82 HPs)
             Began as a Deep Elf Conjurer on Apr 18, 2023.
             Was the Champion of Jiyva.
             Slain by a fire crab (8 damage)
             ... on level 3 of the Lair of Beasts.
             The game lasted 01:21:34 (11843 turns).

javelincjr the Eclecticist (Deep Elf Conjurer)     Turns: 11843, Time: 01:21:35

Health: -3/82      AC: 10    Str: 14    XL:     13   Next: 37%
Magic:  34/34      EV: 16    Int: 25    God:    Jiyva [******]
Gold:   881        SH:  0    Dex: 13    Spells: 30/43 levels left

rFire   . . .      SeeInvis +   I - +7 Throatcutter {drain, coup de grace}
rCold   . . .      Faith    .   (no shield)
rNeg    . . .      Spirit   .   A - +3 troll leather armour
rPois   .          Reflect  .   (helmet unavailable)
rElec   .          Harm     .   K - +0 cloak
rCorr   +          Rampage  .   (no gloves)
Will    +....      Clarity  +   (boots unavailable)
Stlth   ++++......              S - amulet of regeneration
HPRegen 3.43/turn               q - ring of wizardry
MPRegen 0.74/turn               a - +6 ring of strength

@: lethally poisoned (-3 -> -4)
A: antennae 3, hooves 3, iridescent scales 1, clarity, eyeballs 1, tendrils,
jelly sensing items
a: Renounce Religion, Oozemancy, Slimify


You were on level 3 of the Lair of Beasts.
You worshipped Jiyva.
Jiyva was exalted by your worship.
You visited 2 branches of the dungeon, and saw 15 of its levels.
You also visited: Sewer and Ice Cave.

You collected 905 gold pieces.
You spent 24 gold pieces at shops.

Inventory:

Hand Weapons
 e - the +2 halberd of Timumirgh {vorpal, MP+9 Int+3}
   (You found it in an ice cave)

   It inflicts extra damage upon your enemies.
   Int:       It affects your intelligence (+3).
   MP:        It affects your magic capacity (+9).
 k - the +13 scythe of Curses {drain, Drain}
   (You found it on level 3 of the Lair of Beasts)

   A truly terrible weapon, it drains the life of any living foe it strikes.
   It inflicts powerful necromantic curses on any living foe it strikes.
   Drain:     It drains your maximum health when unequipped.
 w - a +2 war axe of freezing
 B - a +2 falchion of flaming
 C - a +1 dagger of holy wrath
 H - a +0 vorpal spear
 I - the +7 Throatcutter (weapon) {drain, coup de grace}
   (You found it on level 7 of the Dungeon)

   A truly terrible weapon, it drains the life of any living foe it strikes.
   It may instantly kill foes which have little health.
 L - a +5 battleaxe of freezing
 P - a +0 hand axe of distortion
Missiles
 o - 5 curare-tipped darts
Armour
 g - the +1 ring mail of Moicoa {Rampage Will+ Str+4 Int-5}
   (You found it on level 10 of the Dungeon)

   Str:       It affects your strength (+4).
   Int:       It affects your intelligence (-5).
   Rampage:   It bestows one free step when moving towards enemies.
   Will:      It increases your willpower.
 h - a +2 buckler
 l - a +2 hat
 z - the +1 ring mail of Indomitability {rPois rN++ rCorr Str-4}
   (You found it on level 5 of the Dungeon)

   Str:       It affects your strength (-4).
   rPois:     It protects you from poison.
   rN:        It greatly protects you from negative energy.
   rCorr:     It protects you from acid and corrosion.
 A - a +3 troll leather armour (worn)
 G - +0 steam dragon scales
 K - a +0 cloak (worn)
 R - a +0 pair of boots
 V - +0 acid dragon scales
Jewellery
 a - a +6 ring of strength (right hand)
 j - a ring of willpower
 m - an amulet of guardian spirit
 q - a ring of wizardry (left hand)
 v - an amulet of magic regeneration
 S - an amulet of regeneration (around neck)
Wands
 F - a wand of acid (5)
 J - a wand of digging (3)
 W - a wand of charming (1)
Scrolls
 i - 10 scrolls of teleportation
 r - a scroll of silence
 s - 2 scrolls of torment
 u - 2 scrolls of magic mapping
 x - 2 scrolls of enchant weapon {unknown}
 y - 2 scrolls of summoning {unknown}
 E - a scroll of blinking
 N - 3 scrolls of vulnerability
 U - a scroll of poison
 Z - a scroll of fear
Potions
 b - 4 potions of magic
 c - 4 potions of might
 d - 2 potions of mutation
 f - 8 potions of curing
 p - 3 potions of flight
 t - a potion of resistance
 D - a potion of haste
 O - 2 potions of invisibility
 Q - 2 potions of brilliance
 T - a potion of degeneration
 X - a potion of ambrosia
 Y - a potion of cancellation
Miscellaneous
 n - a tin of tremorstones (2/2)
 M - a lightning rod (4/4)


   Skills:
 * Level 10.1 Fighting
 + Level 6.1 Long Blades
 + Level 10.3 Dodging
 + Level 11.1 Stealth
 * Level 15.7 Spellcasting
 + Level 10.4 Conjurations


You had 30 spell levels left.
You knew the following spells:

 Your Spells              Type           Power      Damage    Failure   Level
a - Magic Dart            Conj           100%       1d8       1%          1
b - Searing Ray           Conj           100%       2d8       1%          2
c - Slow                  Hex            76%        N/A       1%          1
d - Iskenderun's Mystic   Conj/Tloc      45%        2d10      1%          4
e - Animate Armour        Summ/Erth      38%        N/A       14%         4
f - Apportation           Tloc           38%        N/A       1%          1

Your spell library contained the following spells:

 Spells                   Type           Power      Damage    Failure   Level
 Dazzling Flash           Conj/Hex       90%        N/A       1%          3
 Mephitic Cloud           Conj/Pois/Air  37%        N/A       1%          3
 Fulminant Prism          Conj/Hex       22%        3d13      1%          4
 Hailstorm                Conj/Ice       45%        3d10      1%          4
 Sublimation of Blood     Necr           19%        N/A       2%          2
 Wereblood                Tmut           19%        N/A       2%          2
 Confusing Touch          Hex            19%        N/A       4%          3
 Ignite Poison            Fire/Tmut/Pois 19%        N/A       4%          3
 Inner Flame              Hex/Fire       19%        N/A       4%          3
 Vampiric Draining        Necr           19%        2d7       4%          3
 Freezing Cloud           Conj/Ice/Air   18%        6-21      10%         5
 Alistair's Intoxication  Tmut/Pois      12%        N/A       34%         5
 Simulacrum               Ice/Necr       9%         N/A       88%         6
 Ozocubu's Refrigeration  Ice            9%         4d9       100%        7
 Summon Hydra             Summ           9%         N/A       100%        7
 Fire Storm               Conj/Fire      22%        8d6       100%        9
 Polar Vortex             Ice            9%         N/A       100%        9


Dungeon Overview and Level Annotations

Branches:
Dungeon (12/15)            Temple (0/1) D:6            Lair (3/5) D:11
  Swamp (0/4) Lair:3       Spider (0/4) Lair:3          Orc (0/2) D:12
  Sewer (visited)           IceCv (visited)

Altars:
Dithmenos
Makhleb
Yredelemnul
Jiyva

Shops:
D:4 (   D:7 [?   D:10 *


Innate Abilities, Weirdness & Mutations

You have a pair of large antennae on your head. (SInv)
You have hooves in place of feet.
You are partially covered in iridescent scales. (AC +2)
You possess an exceptional clarity of mind.
Your body has grown eyes which may confuse attackers. (Acc +3)
You are covered in slimy tendrils that may disarm your opponents.
You have a small jelly attached to you that senses nearby items.


Message History

The cane toad poisons you!
A fire crab comes into view.
Casting: Iskenderun's Mystic Blast (dangerous; 1% risk of failure)
Confirm with . or Enter, or press ? or * to list all spells.
You don't know that spell.
Okay, then.
You slash the cane toad!
You kick the cane toad, but do no damage.
The cane toad is almost dead.
You feel extremely sick.
You hear a distant slurping noise.
The cane toad stings you.
You are more poisoned.
The cane toad poisons you!
You barely miss the cane toad. You kick the cane toad.
The cane toad is almost dead.
You feel extremely sick.
A nearby plant withers and dies.
The cane toad stings you but does no damage.
The cane toad stings you!
You slash the cane toad!
You kill the cane toad!
You feel extremely sick.
You feel very sick.
You see here a cane toad corpse.
You feel very sick. The fire crab bites you.
You are engulfed in flames!
The fire crab claws you but does no damage.
You hit the fire crab.
You kick the fire crab, but do no damage.
The fire crab is lightly wounded.
You feel very sick. The fire crab breathes flames at you.
The blast of flame engulfs you. The fire crab attacks as you move away!
The fire crab bites you!
* * * LOW HITPOINT WARNING * * *
You are engulfed in flames!
* * * LOW HITPOINT WARNING * * *
The fire crab claws you!
You die...

#............. ...###
##..P...........#...#
#####...................
##..#.................#
##....................##
.......#...............#
......#..........°....#
......#P.......°t°....##
#..#...........°@°......
####...#.......°°°.....#
##..................#
##...............###
##.............#.#
#.............## #
###.......>....# ##
#...##.......###
.####..###.#.P..##


You could see a fire crab.

Vanquished Creatures
  2 catoblepae (Lair:2)
  A two-headed ogre (D:11)
  4 death yaks (Lair:2)
  2 ugly things
  A cyclops (D:7)
  An ice statue (IceCv)
  5 elephants (Lair:2)
  2 black mambas
  Joseph (D:8)
  6 cane toads
  2 kobold demonologists (D:7)
  2 unseen horrors
  2 komodo dragons
  2 rime drakes
  3 trolls
  A polar bear (Lair:2)
  A hornet (D:8)
  11 blink frogs
  Grinder (D:5)
  A shadow (D:9)
  Sigmund (D:3)
  9 spriggans
  3 wyverns
  25 yaks
  Eustachio (D:5)
  2 basilisks
  A fire elemental (D:12)
  4 steam dragons
  An acid dragon (D:12)
  A hell hound (D:12)
  4 water moccasins
  A black bear (Lair:2)
  2 orc warriors
  An ice beast (D:7)
  2 sky beasts (D:8)
  2 wolves (Lair:2)
  8 centaurs
  Blork the orc (D:4)
  4 kobold brigands
  12 bullfrogs
  3 scorpions
  A wight (D:8)
  Dowan (D:6)
  A killer bee (D:10)
  An elephant simulacrum (IceCv)
  8 howler monkeys
  3 hounds
  Crazy Yiuf (D:7)
  10 orc priests
  A gnoll bouda (D:7)
  7 orc wizards
  2 iguanas
  Robin (D:2)
  7 gnolls
  11 adders
  A river rat (Sewer)
  A white imp (D:6)
  2 ufetubi
  3 dart slugs
  37 orcs
  3 endoplasms (D:1)
  8 giant cockroaches
  16 goblins
  9 hobgoblins
  7 jackals
  6 quokkas
  5 ball pythons
  5 bats
  2 frilled lizards
  12 kobolds
  5 rats
316 creatures vanquished.

Vanquished Creatures (collateral kills)
  Azrael (D:12)
  A boulder beetle (Lair:2)
  A hydra (Lair:2)
  A manticore (D:8)
  An ugly thing (IceCv)
  A black mamba (Lair:2)
  6 elephants (Lair:2)
  2 ice statues (IceCv)
  A gargoyle (D:10)
  An anaconda simulacrum (IceCv)
  A troll (D:6)
  2 yaks (Lair:2)
  2 death yak simulacra (IceCv)
  Duvessa (D:6)
  2 hell hounds (D:12)
  A hydra simulacrum (IceCv)
  An ice beast (D:6)
  A wolf (Lair:2)
  A hound (D:6)
  A hell rat (Lair:3)
  A polar bear simulacrum (IceCv)
  A wolf simulacrum (IceCv)
31 creatures vanquished.

Vanquished Creatures (others)
  A manticore (D:12)
  2 kobold demonologists (D:7)
  2 slime creatures (D:12)
  A yak (D:10)
  3 vampire mosquitoes (D:12)
  An acid dragon (D:12)
  A sky beast (D:6)
  A phantom (D:6)
  A kobold brigand (D:7)
  A scorpion (D:5)
  2 howler monkeys (D:8)
  27 jellies
  4 adders
  3 shadow imps
  6 orcs
  A bat (D:2)
  An endoplasm (D:3)
  A giant cockroach (D:4)
  A kobold (D:4)
  3 quokkas
  2 frilled lizards (D:3)
  A goblin (D:4)
  17 fulminant prisms
  18 fungi
  23 plants
124 creatures vanquished.

Grand Total: 471 creatures vanquished

Notes
Turn   | Place    | Note
-------+----------+-------------------------------------------
     0 | D:1      | javelincjr the Deep Elf Conjurer began the quest for the
                  | Orb.
     0 | D:1      | Reached XP level 1. HP: 10/10 MP: 6/6
   191 | D:1      | Reached XP level 2. HP: 15/15 MP: 6/8
   219 | D:1      | Learned a level 2 spell: Searing Ray
   451 | D:1      | Found a faded altar of an unknown god.
   454 | D:1      | Prayed at the altar of an unknown god.
   454 | D:1      | Became a worshipper of Jiyva Jula the Shapeless
   454 | D:1      | Reached * piety under Jiyva
   818 | D:2      | Reached XP level 3. HP: 18/20 MP: 2/10
   820 | D:2      | Reached skill level 1 in Fighting
   820 | D:2      | Reached skill level 4 in Spellcasting
   870 | D:2      | Reached XP level 4. HP: 25/25 MP: 9/12
   900 | D:2      | Noticed Robin
   908 | D:2      | Killed Robin
  1011 | D:2      | Reached ** piety under Jiyva
  1053 | D:2      | Found a burning altar of Makhleb.
  1664 | D:3      | Reached XP level 5. HP: 27/30 MP: 8/14
  1684 | D:3      | Reached *** piety under Jiyva
  1835 | D:3      | Noticed Sigmund
  1841 | D:3      | Killed Sigmund
  1842 | D:3      | Reached skill level 5 in Spellcasting
  1842 | D:3      | Reached skill level 5 in Conjurations
  1842 | D:3      | Reached XP level 6. HP: 21/36 MP: 9/16
  1844 | D:3      | Gained mutation: You have a small jelly attached to you
                  | that senses nearby items. [Jiyva's grace]
  1844 | D:3      | Gained mutation: You have a pair of small antennae on your
                  | head. [Jiyva's grace]
  1844 | D:3      | Gained mutation: You have a pair of antennae on your head.
                  | [Jiyva's grace]
  1844 | D:3      | Gained mutation: You have a pair of large antennae on your
                  | head. (SInv) [Jiyva's grace]
  2122 | D:3      | Found a glowing drain.
  2136 | Sewer    | Entered a sewer
  2234 | Sewer    | Reached skill level 6 in Spellcasting
  2265 | Sewer    | Found a glowing silver altar of Zin.
  2342 | D:3      | Reached **** piety under Jiyva
  2395 | D:3      | Reached XP level 7. HP: 40/40 MP: 18/18
  2666 | D:4      | Noticed Blork the orc
  2671 | D:4      | Killed Blork the orc
  2755 | D:4      | You fall into a shaft and drop 1 floor!
  2755 | D:5      | Entered Level 5 of the Dungeon
  2924 | D:4      | Found Qeumul's Weapon Emporium.
  3232 | D:5      | Found a basalt altar of Yredelemnul.
  3235 | D:5      | Noticed Eustachio
  3243 | D:5      | Noticed Grinder
  3263 | D:5      | Paralysed by Grinder for 3 turns
  3268 | D:5      | Killed Grinder
  3269 | D:5      | Reached skill level 7 in Spellcasting
  3301 | D:5      | Killed Eustachio
  3302 | D:5      | Reached skill level 5 in Stealth
  3302 | D:5      | Reached XP level 8. HP: 46/48 MP: 11/21
  3362 | D:5      | Identified the +1 ring mail of Indomitability {rPois rN++
                  | rCorr Str-4}
  3716 | D:6      | Reached ***** piety under Jiyva
  3808 | D:6      | Reached skill level 5 in Dodging
  3810 | D:6      | Noticed a troll
  3823 | D:6      | Reached skill level 8 in Spellcasting
  3825 | D:6      | Killed a troll
  3958 | D:6      | Found a staircase to the Ecumenical Temple.
  3992 | D:6      | Noticed Dowan
  3994 | D:6      | Noticed Duvessa
  4003 | D:6      | Killed Dowan
  4007 | D:6      | Killed Duvessa
  4175 | D:6      | Lost mutation: You have a small jelly attached to you that
                  | senses nearby items. [Jiyva's grace]
  4175 | D:6      | Gained mutation: Your rubbery body absorbs attacks. (AC +1,
                  | EV +1) [Jiyva's grace]
  4175 | D:6      | Gained mutation: Your pliable body absorbs attacks. (AC +2,
                  | EV +2) [Jiyva's grace]
  4175 | D:6      | Gained mutation: Your gelatinous body deflects attacks. (AC
                  | +3, EV +3) [Jiyva's grace]
  4175 | D:6      | Gained mutation: You have acidic saliva. [Jiyva's grace]
  4280 | D:7      | Found Jeogg's Antique Armour Emporium.
  4357 | D:7      | Reached skill level 5 in Fighting
  4358 | D:7      | Reached XP level 9. HP: 41/54 MP: 19/23
  4360 | D:7      | Reached skill level 9 in Spellcasting
  4432 | D:7      | Noticed a kobold demonologist
  4438 | D:7      | Killed a kobold demonologist
  4439 | D:7      | Learned a level 4 spell: Fulminant Prism
  4444 | D:7      | Learned a level 4 spell: Iskenderun's Mystic Blast
  4444 | D:7      | Noticed a kobold demonologist
  4444 | D:7      | Noticed a kobold demonologist
  4446 | D:7      | Noticed a red devil
  4449 | D:7      | Noticed a soul eater
  4450 | D:7      | Killed a kobold demonologist
  4453 | D:7      | Killed a kobold demonologist
  4462 | D:7      | Noticed a hellwing
  4465 | D:7      | Killed a kobold demonologist
  4476 | D:7      | Found the +7 Throatcutter {drain, coup de grace}
  4572 | D:7      | Noticed a cyclops
  4581 | D:7      | Killed a cyclops
  4582 | D:7      | Reached skill level 10 in Spellcasting
  4641 | D:7      | Found a runed translucent door.
  4642 | D:7      | Noticed Crazy Yiuf
  4650 | D:7      | Killed Crazy Yiuf
  4815 | D:7      | Found Axzoliun's Magic Scroll Emporium.
  4824 | D:7      | Bought a scroll of identify for 24 gold pieces
  4827 | D:7      | Lost mutation: You have a pair of large antennae on your
                  | head. (SInv) [potion of mutation]
  4827 | D:7      | Lost mutation: You have acidic saliva. [potion of mutation]
  4827 | D:7      | Lost mutation: Your gelatinous body deflects attacks. (AC
                  | +3, EV +3) [potion of mutation]
  4827 | D:7      | Gained mutation: Your system is resistant to poisons.
                  | (rPois) [potion of mutation]
  4828 | D:7      | Lost mutation: You have a pair of antennae on your head.
                  | [potion of mutation]
  4828 | D:7      | Lost mutation: Your system is resistant to poisons. (rPois)
                  | [potion of mutation]
  4828 | D:7      | Lost mutation: Your pliable body absorbs attacks. (AC +2,
                  | EV +2) [potion of mutation]
  4828 | D:7      | Gained mutation: Armour fits poorly on your strangely
                  | shaped body. [potion of mutation]
  4828 | D:7      | Gained mutation: Your magical capacity is low. (-10% MP)
                  | [potion of mutation]
  4829 | D:7      | Lost mutation: Your magical capacity is low. (-10% MP)
                  | [potion of mutation]
  4829 | D:7      | Lost mutation: Armour fits poorly on your strangely shaped
                  | body. [potion of mutation]
  4829 | D:7      | Lost mutation: Your rubbery body absorbs attacks. (AC +1,
                  | EV +1) [potion of mutation]
  4829 | D:7      | Gained mutation: Your system is resistant to poisons.
                  | (rPois) [potion of mutation]
  4829 | D:7      | Gained mutation: Your spells are a little harder to cast,
                  | but a little more powerful. [potion of mutation]
  4829 | D:7      | Gained mutation: You have a pair of antennae on your head.
                  | [potion of mutation]
  4909 | D:8      | Noticed a manticore
  4937 | D:8      | Reached skill level 1 in Long Blades
  5036 | D:8      | Noticed Joseph
  5045 | D:8      | Killed Joseph
  5061 | D:8      | Reached XP level 10. HP: 60/60 MP: 13/26
  5314 | D:8      | Killed a manticore
  5314 | D:8      | Was placed under penance by Jiyva
  5321 | D:8      | Reached skill level 11 in Spellcasting
  6031 | D:9      | Was forgiven by Jiyva
  6306 | D:9      | Learned a level 1 spell: Slow
  6480 | D:10     | Entered Level 10 of the Dungeon
  6568 | D:10     | Noticed a gargoyle
  6575 | D:10     | Killed a gargoyle
  6669 | D:10     | Reached skill level 12 in Spellcasting
  6669 | D:10     | Reached XP level 11. HP: 61/67 MP: 20/29
  6677 | D:10     | Identified the +1 ring mail of Moicoa {Rampage Will+ Str+4
                  | Int-5}
  6924 | D:10     | Found Huxosoil's Mayhem Merchandise.
  7274 | D:11     | Noticed a cyan ugly thing
  7284 | D:11     | Killed a cyan ugly thing
  7338 | D:11     | Lost mutation: You have a pair of antennae on your head.
                  | [Jiyva's grace]
  7338 | D:11     | Lost mutation: Your spells are a little harder to cast, but
                  | a little more powerful. [Jiyva's grace]
  7338 | D:11     | Gained mutation: You are partially covered in iridescent
                  | scales. (AC +2) [Jiyva's grace]
  7338 | D:11     | Gained mutation: You are mostly covered in iridescent
                  | scales. (AC +4) [Jiyva's grace]
  7338 | D:11     | Gained mutation: You are completely covered in iridescent
                  | scales. (AC +6) [Jiyva's grace]
  7338 | D:11     | Gained mutation: Your body has grown eyes which may confuse
                  | attackers. (Acc +3) [Jiyva's grace]
  7344 | D:11     | Found a shadowy altar of Dithmenos.
  7489 | D:11     | Noticed a two-headed ogre
  7504 | D:11     | Killed a two-headed ogre
  7684 | D:11     | Found a staircase to the Lair.
  7812 | D:11     | Reached ****** piety under Jiyva
  8689 | D:12     | Found a staircase to the Orcish Mines.
  8800 | D:12     | Noticed Azrael
  8813 | D:12     | Killed Azrael
  8814 | D:12     | Reached skill level 13 in Spellcasting
  9116 | D:12     | Got the Discourse on Calescent Excavation
  9122 | D:12     | Learned a level 4 spell: Animate Armour
  9597 | Lair:1   | Entered Level 1 of the Lair of Beasts
  9616 | Lair:1   | Lost mutation: You are completely covered in iridescent
                  | scales. (AC +6) [Jiyva's grace]
  9616 | Lair:1   | Lost mutation: Your system is resistant to poisons. (rPois)
                  | [Jiyva's grace]
  9616 | Lair:1   | Gained mutation: You have large cloven feet. [Jiyva's
                  | grace]
  9616 | Lair:1   | Gained mutation: You have hoof-like feet. [Jiyva's grace]
  9616 | Lair:1   | Gained mutation: You have hooves in place of feet. [Jiyva's
                  | grace]
  9616 | Lair:1   | Gained mutation: You have a small jelly attached to you
                  | that senses nearby items. [Jiyva's grace]
  9917 | Lair:1   | Reached XP level 12. HP: 44/75 MP: 18/31
 10104 | Lair:2   | Noticed a boulder beetle
 10121 | Lair:2   | Killed a boulder beetle
 10123 | Lair:2   | Found a frozen archway.
 10144 | IceCv    | Entered an ice cave
 10147 | IceCv    | Learned a level 1 spell: Apportation
 10222 | IceCv    | Reached skill level 14 in Spellcasting
 10262 | IceCv    | Reached skill level 10 in Stealth
 10263 | IceCv    | Reached skill level 5 in Long Blades
 10282 | IceCv    | Got Etse Jiu's Handbook of Glaciation
 10286 | IceCv    | Identified the +2 halberd of Timumirgh {vorpal, MP+9 Int+3}
 10376 | Lair:2   | Noticed a catoblepas
 10390 | Lair:2   | Killed a catoblepas
 10452 | Lair:2   | Noticed a catoblepas
 10465 | Lair:2   | Killed a catoblepas
 10541 | Lair:2   | Reached skill level 10 in Conjurations
 10556 | Lair:2   | Reached skill level 15 in Spellcasting
 10611 | Lair:2   | Noticed a death yak
 10618 | Lair:2   | Noticed a death yak
 10618 | Lair:2   | Noticed a death yak
 10629 | Lair:2   | Noticed a death yak
 10654 | Lair:2   | Killed a death yak
 10658 | Lair:2   | Killed a death yak
 10666 | Lair:2   | Killed a death yak
 10667 | Lair:2   | Reached XP level 13. HP: 59/81 MP: 4/34
 10671 | Lair:2   | Reached skill level 10 in Dodging
 10994 | Lair:2   | Lost mutation: You are mostly covered in iridescent scales.
                  | (AC +4) [Jiyva's grace]
 10994 | Lair:2   | Gained mutation: You possess an exceptional clarity of
                  | mind. [Jiyva's grace]
 10994 | Lair:2   | Gained mutation: You have a pair of antennae on your head.
                  | [Jiyva's grace]
 10994 | Lair:2   | Gained mutation: You have a pair of large antennae on your
                  | head. (SInv) [Jiyva's grace]
 10994 | Lair:2   | Gained mutation: You are covered in slimy tendrils that may
                  | disarm your opponents. [Jiyva's grace]
 11137 | Lair:2   | HP: 2/82 [poisoned by a black mamba]
 11345 | Lair:3   | Found a hole to the Spider Nest.
 11469 | Lair:3   | Found the +13 scythe of Curses {drain, Drain}
 11494 | Lair:3   | Reached skill level 10 in Fighting
 11749 | Lair:3   | Found a staircase to the Swamp.
 11843 | Lair:3   | Slain by a fire crab

Illustrated notes

Levels and vault maps discovered:
D:1:      dpeg_arrival_round_b, layout_rooms,
          shapermc_ecumenical_altar_mp_vishouse, minmay_misc_feat_cross
D:2:      layout_basic, basic_altar, uniq_robin
D:3:      layout_loops_ring, gup_sewer_entry_pipe, minmay_diced_spiral,
          uniq_sigmund
D:4:      layout_basic, serial_shops, nicolae_stop_n_shop_2, uniq_blork_the_orc
D:5:      layout_rooms, mainiacjoe_overflow_small_starburst, uniq_eustachio,
          uniq_grinder
D:6:      layout_rooms, minmay_temple_entry_tees,
          nicolae_elevator_lobby_asterisk, uniq_duvessa
D:7:      layout_rooms, serial_shops, nicolae_shop_trees, nicolae_stop_n_shop_2,
          dilly_guarded_unrand_throatcut, uniq_crazy_yiuf_cottage
D:8:      layout_rooms, onia_ninara_dug_in_and_dangerous, uniq_joseph
D:9:      layout_stronghold
D:10:     kb_forest_paths, layout_basic, chequers_serial_rivers_micro_d,
          minmay_shop_mayhem
D:11:     layout_layer_cave, lair_entry_dummy, grunt_dithmenos_smoke
D:12:     layout_basic, minmay_orc_entry_temple_large, uniq_azrael
Lair:1:   layout_hall_layers, lemuel_fruit_tree, infiniplex_staircase_pool_2
Lair:2:   layout_chaotic_city, portal_ice_cave_entry_pillars_1, st_stairs_13,
          forest_entry_grove, lemuel_fruit_fields
Lair:3:   layout_cave_pods, swamp_mist_pool, dummy_spider_entry,
          guppyfry_lair_drakes

Skill      XL: |  1  2  3  4  5  6  7  8  9 10 11 12 13 |
---------------+----------------------------------------+-----
Fighting       | 1 2 3 5 6 7 8 9 10 | 10.1
Stealth        | 3 4 5 6 7 8 9 10 11 | 11.1
Spellcasting   | 4 5 6 7 8 10 12 13 15 | 15.7
Dodging        | 3 4 5 6 7 8 9 10 | 10.3
Conjurations   | 5 6 7 8 9 10 | 10.4
Long Blades    | 1 3 4 5 6 |  6.1

Action                   |  1- 3 |  4- 6 |  7- 9 | 10-12 | 13-15 || total
-------------------------+-------+-------+-------+-------+-------++-------
Melee: Unarmed           |       |     8 |       |       |       ||     8
       Dagger            |       |     3 |       |       |       ||     3
       Spear             |       |     2 |     5 |       |       ||     7
       War axe           |       |       |    27 |       |       ||    27
       Long sword        |       |       |    20 |   332 |    80 ||   432
       Bite              |       |       |     1 |       |       ||     1
       Punch             |       |       |       |     2 |       ||     2
       Kick              |       |       |       |    58 |    28 ||    86
       Falchion          |       |       |       |       |     5 ||     5
 Cast: Magic Dart        |    34 |    78 |    53 |     9 |    13 ||   187
       Searing Ray       |     3 |    20 |    34 |    13 |       ||    70
       Fulminant Prism   |       |       |    11 |     6 |       ||    17
       Iskenderun's Myst |       |       |     2 |    64 |    14 ||    80
       Slow              |       |       |       |     2 |       ||     2
       Animate Armour    |       |       |       |     6 |     6 ||    12
       Apportation       |       |       |       |     2 |       ||     2
Evoke: Wand              |       |       |       |     1 |       ||     1
       Lightning rod     |       |       |       |     4 |       ||     4
  Use: Scroll            |       |       |     3 |    21 |     2 ||    26
       Potion            |       |       |     3 |     1 |     1 ||     5
 Stab: Distracted        |       |     1 |       |       |       ||     1
       Sleeping          |       |       |     6 |     7 |     2 ||    15
       Confused          |       |       |       |     2 |     1 ||     3
Armor: Robe              |     1 |     6 |    10 |       |       ||    17
       Troll leather arm |       |       |    13 |   177 |    30 ||   220
Dodge: Dodged            |     6 |    38 |    99 |   286 |    80 ||   509
